AoeStats
← Tine

Arabian Desert

509579779Analyzed
1v1 RM · 6d ago on Sep 27, 2026· 47m 42s· 2 players
Game mode
Random Map
Map size
Tiny (2 player)
Population
200
Speed
Normal
Resources
Standard
Victory
Conquest
Starting age
Dark Age
Ending age
Imperial Age
RankedLock teamsTeams togetherTeam positionsShared explorationLock speedFull tech treeHidden civsTurbo modeCheats
Victory
Defeat
🇨🇭 Vietnamese · Switzerland
806
+16
🇳🇱 Inca · Netherlands
811
-16
Cash3574
11:43 Feudal Age
12:08 Double-Bit Axe
18:47 Stone Mining
19:54 Fletching
20:41 Gold Mining
23:38 Castle Age
24:55 Bow Saw
27:50 Wheelbarrow
27:20 Horse Collar
32:30 Imperial Age
30:57 Heavy Plow
31:01 Padded Archer Armor
32:18 Town Watch
33:34 Leather Archer Armor
33:15 Bodkin Arrow
33:31 Forging
33:22 Scale Mail Armor
34:50 Two-Man Saw
34:37 Ballistics
35:48 Bracer
36:19 Ring Archer Armor
36:09 Thumb Ring
35:37 Elite Skirmisher
40:01 Heated Shot
40:18 Siege Engineers
40:24 Fortified Wall
40:10 Murder Holes
40:33 Chain Mail Armor
41:51 Stone Shaft Mining
40:46 Imperial Skirmisher
45:15 Plate Mail Armor
45:20 Iron Casting
46:54 Chemistry
Tine
9:38 Loom
12:33 Feudal Age
12:51 Champi Runner
17:04 Horse Collar
17:16 Double-Bit Axe
21:18 Castle Age
20:14 Forging
21:48 Wheelbarrow
24:00 Bow Saw
24:40 Hand Cart
25:32 Squires
28:28 Squires
31:02 Champi Warrior
36:39 Imperial Age
34:15 Scale Mail Armor
35:49 Heavy Plow
36:47 Gold Mining
36:48 Stone Mining
38:34 Crop Rotation
38:40 Gold Shaft Mining
41:17 Iron Casting
40:57 Chain Mail Armor
40:25 Elite Champi Warrior
42:59 Blast Furnace
Connection lost

Rejoining the realm…

Still unreachable

The connection could not be restored.

Session expired

The server has moved on; the page needs a fresh start.